 Dungeon Crawl Stone Soup version 0.27-a0-899-ge2d0b17c59 (webtiles) character file.

Game seed: 5899607353940317591

221 siradein the Magician (level 5, -7/40 HPs)
             Began as a Djinni Fire Elementalist on Apr 5, 2021.
             Shot with an arrow by a centaur (9 damage)
             ... on level 5 of the Dungeon.
             The game lasted 00:15:51 (3464 turns).

siradein the Magician (Djinni Fire Elementalist)    Turns: 3464, Time: 00:15:51

Health: -7/40      AC:  2    Str:  7    XL:     5   Next: 98%
Gold:   160        EV: 12    Int: 17    God:
                   SH:  0    Dex: 14

rFire    + + .     SeeInvis .   i - staff of fire
rCold    . . .     Faith    .   (no shield)
rNeg     . . .     Spirit   .   a - +0 robe
rPois    ∞         Reflect  .   (no helmet)
rElec    .         Harm     .   (no cloak)
rCorr    .         Rampage  .   (no gloves)
Will     .....                  (boots unavailable)
Stlth    ++........             (no amulet)
HPRegen  0.13/turn              h - ring of ice
MPRegen  0.00/turn              (no ring)

@: flying
A: fire resistance 2, cold vulnerability 1, float, innate caster, hp casting,
extra vitality 1
a: no special abilities


You were on level 5 of the Dungeon.
You visited 1 branch of the dungeon, and saw 5 of its levels.

You collected 160 gold pieces.

Inventory:

Armour
 a - a +0 robe (worn)
 g - a +0 kite shield
Magical Staves
 i - a staff of fire (weapon)
Jewellery
 h - a ring of ice (left hand)
Scrolls
 b - a scroll of torment
 d - a scroll of teleportation
 f - a scroll of enchant weapon
 j - a scroll of amnesia {unknown}
 l - a scroll of fear {unknown}
Potions
 c - a potion of haste {unknown}
 k - a potion of attraction {unknown}


   Skills:
 + Level 3.5 Fighting
 - Level 2.1 Dodging
 - Level 1.5 Stealth
 + Level 4.4 Spellcasting


You couldn't memorise any spells.
You knew the following spells:

 Your Spells              Type           Power      Damage    Failure   Level
a - Foxfire               Conj/Fire      100%       2x1d9     2%          1
b - Conjure Flame         Conj/Fire      28%        6-21      8%          3
c - Inner Flame           Hex/Fire       28%        N/A       8%          3
d - Sticky Flame          Conj/Fire      28%        2d5       24%         4
e - Fireball              Conj/Fire      14%        3d8       56%         5
f - Sting                 Tmut/Pois      72%        1d6       2%          1
g - Slow                  Hex            18%        N/A       3%          2
Your spell library was empty.

Dungeon Overview and Level Annotations

Branches:
Dungeon (4/15)
 Temple: D:4-7

Altars:
Ashenzari
Uskayaw

Shops:
D:4 [


Innate Abilities, Weirdness & Mutations

You are immune to poison.
Your flesh is very heat resistant. (rF++)
You are vulnerable to cold. (rC-)
You float through the air rather than walking.
You learn spells naturally, not from books.
Your magical power is your life essence.
You have superior vitality. (+4 HP)


Message History

A jelly comes into view.
The jelly quivers.
An iguana and an adder come into view.
The adder hisses angrily.
The iguana hisses angrily.
You hit the adder.
The adder is moderately wounded.
The adder closely misses you. x2
The adder barely misses you. The jelly barely misses you.
The adder bites you but does no damage. The adder misses you.
An adder skeleton comes into view.
The iguana closely misses you. The adder bites you.
* * * LOW HITPOINT WARNING * * *
You reach down and open the door. 4 gnolls and a zombie come into view.
The gnoll shouts! x3; You hear a shout!
The adder barely misses you.
A killer bee zombie comes into view.
The iguana bites you.
* * * LOW HITPOINT WARNING * * *
An orc comes into view. It is wielding a +0 dagger.
There is an open door here.
Blink to where?
Press: ? - help, Dir - move target
As you read the scroll of blinking, it crumbles to dust.
You reach down and open the door.
There is an open door here.
The scorpion zombie closely misses you. The adder bites you.
* * * LOW HITPOINT WARNING * * *
The scorpion zombie barely misses you.
You reach down and open the door.
The adder closely misses you. The scorpion zombie barely misses you.
The adder barely misses you.
There is an open door here.
A centaur comes into view.
Found a leather armour.
The centaur shouts!
The centaur wields a +0 shortbow.
The centaur shoots an arrow.
The arrow hits you!
You die...

#+#...# ....#.#
....#.### ...##...###
...#......###
..##........#####
..#.........ZZ'.###
.##..........##S..###
.#.....#.....#..@...#
##......gJ..##........#
#...........#...........
#'#........##..........#
#.###......#.....#.....#
#...###...##[.........##
.Z.J..###.#c..........#
........#####........##
..........#


You could see a centaur, an adder and an adder skeleton.

Vanquished Creatures
  A necrophage (D:4)
  A hound (D:4)
  A hound skeleton (D:4)
  A gnoll (D:3)
  3 adders
  2 orcs
  3 ball pythons
  5 endoplasms
  4 giant cockroaches
  6 goblins
  8 hobgoblins
  3 kobolds
  A quokka (D:3)
  7 bats
  3 frilled lizards
  12 rats
61 creatures vanquished.

Vanquished Creatures (others)
  148 foxfires
148 creatures vanquished.

Grand Total: 209 creatures vanquished

Notes
Turn   | Place    | Note
-------+----------+-------------------------------------------
     0 | D:1      | siradein the Djinni Fire Elementalist began the quest for
                  | the Orb.
     0 | D:1      | Reached XP level 1. HP: 15/15 MP: 0/0
   125 | D:1      | Found a faded altar of an unknown god.
   145 | D:1      | Reached skill level 3 in Spellcasting
   209 | D:1      | Reached XP level 2. HP: 20/21 MP: 0/0
   640 | D:1      | Reached skill level 1 in Fighting
  1025 | D:2      | Reached XP level 3. HP: 26/27 MP: 0/0
  1025 | D:2      | Learned a level 1 spell: Sting
  2081 | D:3      | Reached XP level 4. HP: 28/33 MP: 0/0
  2132 | D:3      | Found a broken altar of Ashenzari.
  2989 | D:4      | Noticed a necrophage
  2992 | D:4      | Found a hide-covered altar of Uskayaw.
  3005 | D:4      | Killed a necrophage
  3006 | D:4      | Reached skill level 4 in Spellcasting
  3006 | D:4      | Reached XP level 5. HP: 31/40 MP: 0/0
  3006 | D:4      | Learned a level 2 spell: Slow
  3194 | D:4      | Found Coimu's Antique Armour Emporium.
  3391 | D:4      | You are sucked into a shaft and drop 1 floor!
  3391 | D:5      | Entered Level 5 of the Dungeon
  3391 | D:5      | Noticed a centaur
  3440 | D:5      | HP: 1/40 [iguana (6)]
  3457 | D:5      | HP: 1/40 [adder (2)]
  3463 | D:5      | Noticed a centaur
  3464 | D:5      | Shot with an arrow by a centaur

Illustrated notes

Levels and vault maps discovered:
D:1:      minmay_arrival_split_and_join, layout_rooms, basic_ecumenical_altar,
          minmay_rat_gold_closets
D:2:      layout_loops_ring
D:3:      kb_forest_paths, layout_basic, lemuel_round_altar
D:4:      minmay_chambers_of_fours, layout_basic, old_standard_altar,
          serial_shops, nicolae_shop_crystal
D:5:      minmay_skewed_foursquare, layout_loops_corners, minmay_holes,
          minmay_misc_feat_doors, minmay_misc_feat_tower, serial_bayou_pond_e,
          sigmund_army, uniq_ijyb, uniq_eustachio

Skill      XL: |  1  2  3  4 |
---------------+-------------+-----
Spellcasting   | 3 4 |  4.4
Fighting       | 1 2 3 |  3.5
Dodging        | |  2.1
Stealth        | |  1.5

Action                   |  1- 3 |  4- 6 || total
-------------------------+-------+-------++-------
Melee: Staff             |       |     1 ||     1
 Cast: Foxfire           |    57 |    29 ||    86
       Inner Flame       |       |     1 ||     1
       Conjure Flame     |       |     1 ||     1
  Use: Scroll            |     1 |     4 ||     5
Armor: Robe              |       |     3 ||     3
Dodge: Dodged            |     5 |    20 ||    25

Table legend: (Time is in decaauts)
 A = Elapsed time spent in this place.
 B = Non-inter-level travel time spent in this place.
 C = Inter-level travel time spent in this place.
 D = Time resting spent in this place.
 E = Time spent auto-exploring this place.
 F = Levels seen in this place.
 G = Mean time per level.
                   A        B        C        D        E       F      G
               +--------+--------+--------+--------+--------+-----+--------+
         Total |   3462 |   3330 |    132 |      0 |   2853 |   5 |  692.4 |
       Dungeon |   3462 |   3330 |    132 |      0 |   2853 |   5 |  692.4 |
               +--------+--------+--------+--------+--------+-----+--------+

Top non-repeatable levels by time:
     D:3: 1187 daAuts
     D:1: 976 daAuts
     D:2: 819 daAuts
     D:4: 405 daAuts
     D:5: 72 daAuts
